AoeStats
← Flailer

Arabia

503644697Analyzed
1v1 RM · 1mo ago on Sep 1, 2026· 101m 18s· 2 players
Game mode
Random Map
Map size
Tiny (2 player)
Population
200
Speed
Normal
Resources
Standard
Victory
Conquest
Starting age
Dark Age
Ending age
Imperial Age
RankedLock teamsTeams togetherTeam positionsShared explorationLock speedFull tech treeHidden civsTurbo modeCheats
Victory
Defeat
🇹🇷 Portuguese · Türkiye
1304
+15
🇨🇴 Khmer · Colombia
1289
-15
AM | Rick2
6:30 Loom
9:28 Feudal Age
11:38 Town Watch
14:11 Fletching
14:22 Padded Archer Armor
14:39 Padded Archer Armor
19:46 Double-Bit Axe
19:43 Horse Collar
20:57 Scale Barding Armor
28:20 Castle Age
27:29 Forging
27:31 Bloodlines
28:25 Gold Mining
28:30 Light Cavalry
29:50 Husbandry
30:39 Bow Saw
30:30 Heavy Plow
38:23 Imperial Age
37:20 Wheelbarrow
38:18 Gold Shaft Mining
39:48 Chain Barding Armor
40:04 Iron Casting
40:53 Gold Shaft Mining
40:13 Cavalier
40:14 Hussar
44:23 Blast Furnace
44:46 Plate Barding Armor
50:23 Hand Cart
50:08 Town Patrol
50:43 Stone Mining
54:09 Crop Rotation
54:16 Stone Shaft Mining
55:16 Conscription
54:36 Heavy Scorpion
56:14 Ballistics
56:54 Chemistry
56:55 Siege Engineers
58:46 Double Crossbow
Flailer
9:58 Loom
12:15 Feudal Age
14:45 Fletching
15:38 Padded Archer Armor
21:52 Castle Age
20:35 Stone Mining
20:32 Double-Bit Axe
20:30 Horse Collar
23:36 Bow Saw
23:27 Heavy Plow
23:36 Bodkin Arrow
24:50 Wheelbarrow
25:20 Gold Mining
30:05 Imperial Age
28:47 Hand Cart
30:03 Town Watch
30:56 Guilds
31:51 Ballistics
31:38 Bracer
34:21 Chemistry
36:12 Arquebus
37:27 Arquebus
37:51 Conscription
38:00 Masonry
38:04 Siege Engineers
39:09 Bombard Tower
40:45 Masonry
40:17 Treadmill Crane
40:48 Masonry
46:54 Architecture
47:13 Scale Mail Armor
47:23 Forging
46:55 Pikeman
47:32 Halberdier
50:34 Architecture
63:25 Fortified Wall
68:06 Two-Man Saw
67:07 Town Patrol
67:07 Murder Holes
72:51 Chain Mail Armor
77:50 Arson
82:07 Forging
82:30 Plate Mail Armor
82:16 Forging
92:53 Elite Organ Gun
96:16 Stone Shaft Mining
96:12 Crop Rotation
95:18 Spies/Treason
97:29 Iron Casting
96:29 Man-at-Arms
96:55 Gambesons
97:42 Scale Barding Armor
97:52 Leather Archer Armor
97:04 Long Swordsman
97:37 Two-Handed Swordsman
98:38 Champion
Connection lost

Rejoining the realm…

Still unreachable

The connection could not be restored.

Session expired

The server has moved on; the page needs a fresh start.